 Dungeon Crawl Stone Soup version 0.29.1-15-g9cfb28693d (webtiles) character file.

Game seed: 16028344275561865837

118314 CabbageHands the Demonic Blade (level 16, -12/124 HPs)
             Began as a Demonspawn Berserker on Apr 10, 2023.
             Was a High Priest of Trog.
             Mangled by a white draconian
             ... wielding a +1 halberd of freezing
              (14 damage)
             ... in an ice cave.
             The game lasted 01:17:01 (31776 turns).

CabbageHands the Demonic Blade (DsBe)              Turns: 31776, Time: 01:17:01

Health: -12/124    AC: 29    Str: 32    XL:     16   Next: 25%
Magic:  16/16      EV: 11    Int: 10    God:    Trog [*****.]
Gold:   1832       SH:  0    Dex: 15    Spells: 15/15 levels left

rFire   . . .      SeeInvis +   K - +5 great sword (flame)
rCold   + + .      Faith    +   (shield currently unavailable)
rNeg    + . .      Spirit   .   x - +6 chain mail of Rotten the Good {Str+10}
rPois   +          Reflect  .   n - +1 helmet
rElec   .          Harm     .   X - +2 cloak of the Thief {*Fog Slay-2 SInv Stlth+}
rCorr   .          Rampage  .   (gloves unavailable)
Will    +....                   T - +1 pair of boots {Stlth+}
Stlth   ..........              v - amulet of faith
HPRegen 0.30/turn               U - ring of protection from cold
MPRegen 0.15/turn               L - ring of Bastrurin {rPois rC+ rN+}

@: no status effects
A: slimy green scales 3, demonic guardian 2, ignite blood 2, black mark,
bedeviling, demonic touch 3, sense surroundings 1
a: Renounce Religion, Berserk, Trog's Hand, Brothers in Arms


You were in an ice cave.
You worshipped Trog.
Trog was extremely pleased with you.
You visited 4 branches of the dungeon, and saw 24 of its levels.
You also visited: Sewer, Bailey and Ice Cave.

You collected 2618 gold pieces.
You spent 786 gold pieces at shops.

Inventory:

Hand Weapons
 K - a +5 great sword of flaming (weapon)
 M - a +4 triple sword
Missiles
 e - 50 poisoned darts
 g - 2 curare-tipped darts (quivered)
 p - 6 throwing nets
Armour
 n - a +1 helmet (worn)
 x - the +6 chain mail of Rotten the Good (worn) {Str+10}
   (You bought it in a shop on level 2 of the Orcish Mines)

   Str:       It affects your strength (+10).
 I - a +0 cloak
 T - a +1 pair of boots of stealth (worn)
 X - the +2 cloak of the Thief (worn) {*Fog Slay-2 SInv Stlth+}
   (You found it on level 1 of the Snake Pit)

   It may release a thick cloud of smoke when the wearer is hurt.
   Slay:      It affects your accuracy & damage with ranged weapons and melee
   (-2).
   SInv:      It lets you see invisible.
   Stlth:     It makes you more stealthy.
Jewellery
 d - a ring of protection from fire
 j - a ring of fire
 m - an amulet of the acrobat
 v - an amulet of faith (around neck)
 y - a +4 ring of protection
 z - a ring of flight
 F - a +4 ring of evasion
 L - the ring of Bastrurin (right hand) {rPois rC+ rN+}
   (You found it in a bailey)

   [ring of positive energy]

   rC:        It protects you from cold.
   rPois:     It protects you from poison.
   rN:        It protects you from negative energy.
 N - a +6 ring of intelligence
 R - an amulet of magic regeneration
 S - a ring of willpower
 U - a ring of protection from cold (left hand)
 V - a +4 ring of slaying
Wands
 i - a wand of roots (5)
 k - a wand of paralysis (11)
 B - a wand of mindburst (8)
 H - a wand of flame (79)
 J - a wand of polymorph (4)
 P - a wand of light (15)
 Q - a wand of digging (3)
Scrolls
 a - 5 scrolls of poison
 b - 5 scrolls of immolation
 h - 8 scrolls of butterflies
 o - 8 scrolls of identify
 t - 7 scrolls of teleportation
 w - a scroll of magic mapping
 D - 5 scrolls of blinking
 G - 4 scrolls of fear
 O - a scroll of summoning
 W - a scroll of enchant armour
Potions
 c - 4 potions of might
 f - a potion of haste
 l - 6 potions of ambrosia
 q - 5 potions of brilliance
 s - 4 potions of invisibility
 u - 4 potions of flight
 A - 2 potions of cancellation
 C - 7 potions of mutation
 E - 3 potions of curing
Miscellaneous
 r - a condenser vane


   Skills:
 + Level 10.8 Fighting
 - Level 22.2 Long Blades
 + Level 9.4 Armour
 - Level 5.1 Dodging
 - Level 7.0 Evocations


You had 15 spell levels left.
You didn't know any spells.
Your spell library contained the following spells:

 Spells                   Type           Power      Damage    Failure   Level
 Olgreb's Toxic Radiance  Pois           0%         N/A       100%        4
 Ozocubu's Refrigeration  Ice            0%         4d7       100%        7
 Ignition                 Fire           0%         3d3       100%        8


Dungeon Overview and Level Annotations

Branches:
Dungeon (15/15)            Temple (0/1) D:4            Lair (5/5) D:11
 Shoals (0/4) Lair:3        Snake (2/4) Lair:3        Slime (0/5) Lair:5
    Orc (2/2) D:12            Elf (0/3) Orc:2        Vaults (0/5) D:14
 Depths (0/4) D:15          Sewer (visited)          Bailey (visited)
  IceCv (1/1)

Altars:
Makhleb
Uskayaw
Vehumet
Xom
Jiyva
Lugonu

Shops:
D:10 *   Orc:2 [:*=

Portals:
Abyss: Lair:5

Annotations:
Lair:3 2 transporters, Woim's ghost, journeyman SpHu IceCv exclusion: orange crystal statue


Innate Abilities, Weirdness & Mutations

You are completely covered in slimy green scales. (AC +4, rPois)
A demonic guardian rushes to your aid.
Your demonic aura often causes spilled blood to erupt in flames.
Your melee attacks may debilitate your foes.
Your hexes are more powerful.
Your touch may irresistibly damage your foes and sap their willpower.
You passively map a small area around you.


Message History

You barely miss the ironbound frostheart.
The ironbound frostheart is moderately wounded.
The white draconian hits you with a +1 halberd of freezing.
Unknown command.
You barely miss the white draconian.
The white draconian is moderately wounded.
The ironbound frostheart touches you! The ironbound frostheart freezes you!
You resist.
Unknown command.
You slash the white draconian! You burn the white draconian.
The white draconian is moderately wounded.
The ice encasing you melts away.
The ironbound frostheart touches you but does no damage.
The white draconian hits you but does no damage.
Unknown command.
You slash the white draconian! You burn the white draconian.
The white draconian is heavily wounded.
The ironbound frostheart touches you. The ironbound frostheart freezes you!
You resist.
* * * LOW HITPOINT WARNING * * *
Unknown command.
You hit the white draconian. You burn the white draconian.
The white draconian is severely wounded.
Unknown command.
You closely miss the white draconian.
The white draconian is severely wounded.
The white draconian is no longer moving slowly.
The ironbound frostheart touches you!
* * * LOW HITPOINT WARNING * * *
The ironbound frostheart freezes you! You resist.
* * * LOW HITPOINT WARNING * * *
The white draconian hits you but does no damage.
The white draconian hits you from afar with a +1 halberd of freezing.
* * * LOW HITPOINT WARNING * * *
You feel better. The ironbound frostheart touches you!
* * * LOW HITPOINT WARNING * * *
The ironbound frostheart freezes you! You resist.
* * * LOW HITPOINT WARNING * * *
The white draconian hits you from afar with a +1 halberd of freezing!
You die...

#####
##...##
##..∩..##
### * *
#.......#
.(. ,##
#...∩...#
#§#,§#
##.....##
,, #d#§#
##...## *
,#p###
#...##
,#§§#@§##
##...# *
...####§§#
##...#
#.#. ##§##
##.÷.## #.
* #..##
#..[## #.
##..##
#.[## .
##..#
##†.##
##..##
##..# , *
##..##
####..###
##..##
##.#....#.


You could see a white draconian (poisoned) and an ironbound frostheart.

Vanquished Creatures
  The ghost of fleeber the Warrior, an adept DjFE of Ashenzari (Snake:1)
  An orc warlord (Bailey)
  A fire dragon (D:15)
  Harold (Lair:2)
  2 boulder beetles
  8 hydras
  3 ice dragons
  6 centaur warriors
  A catoblepas (D:13)
  2 two-headed ogres
  An anaconda (Snake:2)
  2 ironbound frosthearts (IceCv)
  3 dancing weapons
  A naga warrior (Snake:2)
  3 thrashing horrors (Lair:5)
  A shock serpent (Snake:1)
  3 death yaks (Lair:4)
  5 tengu warriors
  The ghost of kingofthe the Covert, a journeyman DECj of Sif Muna (Lair:1)
  3 orc high priests (Orc:2)
  2 naga ritualists (Snake:2)
  2 wizards (D:14)
  4 orc knights (Orc:2)
  Pikel (D:6)
  24 ugly things
  4 cyclopes
  A deep elf pyromancer (D:15)
  6 mana vipers
  3 orc sorcerers (Orc:2)
  5 slime creatures (D:13)
  4 manticores
  12 elephants
  A merfolk siren (Lair:3)
  2 guardian serpents
  6 naga magi
  2 smoke demons (Lair:5)
  16 black mambas
  12 cane toads
  A torpor snail (Lair:1)
  A gargoyle (D:14)
  An efreet (D:15)
  3 kobold demonologists (D:6)
  2 unseen horrors
  6 rime drakes
  A komodo dragon (shapeshifter) (Lair:5)
  2 freezing wraiths
  4 yaktaurs (D:14)
  A yaktaur (shapeshifter) (D:14)
  3 komodo dragons
  A queen bee (Lair:2)
  2 ancient zymes (Lair:5)
  2 large abominations (Lair:5)
  3 meliai (D:15)
  7 polar bears
  12 trolls
  20 blink frogs
  5 dream sheep (Lair:4)
  Sigmund (D:2)
  A spriggan (Lair:5)
  5 water elementals (D:14)
  A vampire (D:11)
  37 yaks
  3 wraiths
  2 ynoxinuls (Lair:5)
  A wyvern (D:8)
  A shadow (D:11)
  2 chaos spawn (Lair:5)
  10 basilisks
  8 vampire mosquitoes
  2 acid dragons
  6 nagas
  A warg (Orc:2)
  17 water moccasins
  2 ice beasts (D:8)
  2 black bears
  21 orc warriors
  A sky beast (D:7)
  7 wolves
  8 ogres
  3 centaurs
  3 phantoms
  4 kobold brigands
  A gnoll sergeant (D:7)
  13 bullfrogs
  A necrophage (D:7)
  2 scorpions
  11 wights
  7 small abominations (Lair:5)
  41 killer bees
  2 electric eels (D:14)
  5 howler monkeys
  A crimson imp (D:7)
  5 jellies
  15 orc priests
  4 hounds
  2 iguanas
  22 orc wizards
  Natasha (thrice) (D:4)
  17 gnolls
  7 adders
  7 river rats
  3 white imps
  An ufetubus (D:6)
  A worm (Sewer)
  A dart slug (D:1)
  57 orcs
  5 bats
  12 endoplasms
  7 giant cockroaches
  10 goblins
  7 hobgoblins
  3 jackals (D:3)
  38 kobolds
  A quokka (D:1)
  5 ball pythons
  3 frilled lizards
  10 rats
712 creatures vanquished.

Vanquished Creatures (collateral kills)
  A naga warrior (Snake:2)
  A naga sharpshooter (Snake:2)
  A salamander (Snake:2)
  A guardian serpent (Snake:2)
  2 naga magi (Snake:2)
  A cane toad (Lair:3)
  A rime drake (Lair:3)
  A polar bear (IceCv)
  7 blink frogs
  A shadow (D:10)
  A basilisk (Lair:2)
  A naga (Snake:2)
  A water moccasin (Lair:2)
  An orc warrior (Bailey)
  2 kobold brigands (D:5)
  A river rat (D:6)
  6 orcs
  A giant cockroach (D:4)
  4 kobolds (D:5)
  A ball python (D:4)
36 creatures vanquished.

Vanquished Creatures (others)
  24 fungi
  38 plants
62 creatures vanquished.

Grand Total: 810 creatures vanquished

Notes
Turn   | Place    | Note
-------+----------+-------------------------------------------
     0 | D:1      | CabbageHands the Demonspawn Berserker began the quest for
                  | the Orb.
     0 | D:1      | Reached XP level 1. HP: 18/18 MP: 1/1
    60 | D:1      | Reached skill level 3 in Long Blades
   391 | D:1      | Gained mutation: You are partially covered in slimy green
                  | scales. (AC +2) [demonic ancestry]
   391 | D:1      | Reached XP level 2. HP: 20/24 MP: 2/2
  1256 | D:2      | Noticed Sigmund
  1275 | D:2      | Killed Sigmund
  1276 | D:2      | Reached skill level 4 in Long Blades
  1276 | D:2      | Gained mutation: A weak demonic guardian rushes to your
                  | aid. [demonic ancestry]
  1276 | D:2      | Reached XP level 3. HP: 29/29 MP: 3/3
  1276 | D:2      | Gained mutation: You are mostly covered in slimy green
                  | scales. (AC +3) [demonic ancestry]
  1276 | D:2      | Reached XP level 4. HP: 35/35 MP: 4/4
  1276 | D:2      | Gained mutation: Your touch may inflict minor irresistible
                  | damage on your foes. [demonic ancestry]
  1276 | D:2      | Reached XP level 5. HP: 41/41 MP: 5/5
  1333 | D:2      | Found a faded altar of an unknown god.
  1404 | D:2      | Found a radiant altar of Vehumet.
  1538 | D:2      | Reached skill level 5 in Long Blades
  2318 | D:3      | Gained mutation: Your hexes are more powerful. [demonic
                  | ancestry]
  2318 | D:3      | Reached XP level 6. HP: 24/47 MP: 6/6
  2821 | D:4      | Reached ** piety under Trog
  2867 | D:4      | Found a staircase to the Ecumenical Temple.
  2895 | D:4      | Paralysed by a kobold for 5 turns
  2921 | D:4      | Found a glowing drain.
  3005 | Sewer    | Entered a sewer
  3396 | Sewer    | Found a viscous altar of Jiyva.
  3574 | D:4      | Reached skill level 6 in Long Blades
  3645 | D:4      | Noticed Natasha
  3653 | D:4      | Killed Natasha
  3654 | D:4      | Gained mutation: Your melee attacks may debilitate your
                  | foes. [demonic ancestry]
  3654 | D:4      | Reached XP level 7. HP: 52/52 MP: 7/7
  3671 | D:4      | Noticed Natasha
  3680 | D:4      | Killed Natasha
  3773 | D:4      | Noticed Natasha
  3798 | D:4      | Killed Natasha
  4042 | D:5      | Entered Level 5 of the Dungeon
  4128 | D:5      | Reached skill level 7 in Long Blades
  4137 | D:5      | Reached *** piety under Trog
  4159 | D:5      | Found a large runed translucent door.
  4160 | D:5      | Found a large runed translucent door.
  4583 | D:5      | Reached skill level 5 in Armour
  5124 | D:5      | Found a hide-covered altar of Uskayaw.
  5204 | D:6      | Reached XP level 8. HP: 58/58 MP: 8/8
  5219 | D:6      | Noticed Pikel
  5388 | D:6      | Noticed a kobold demonologist
  5393 | D:6      | Killed Pikel
  5394 | D:6      | Reached skill level 8 in Long Blades
  5394 | D:6      | Noticed a kobold demonologist
  5395 | D:6      | Noticed a kobold demonologist
  5400 | D:6      | Noticed a red devil
  5400 | D:6      | Killed a kobold demonologist
  5401 | D:6      | Reached skill level 9 in Long Blades
  5405 | D:6      | Noticed a smoke demon
  5698 | D:6      | Killed a kobold demonologist
  5699 | D:6      | Gained mutation: A demonic guardian rushes to your aid.
                  | [demonic ancestry]
  5699 | D:6      | Reached XP level 9. HP: 55/63 MP: 9/9
  5704 | D:6      | Noticed a hellwing
  5709 | D:6      | Killed a kobold demonologist
  5716 | D:5      | HP: 2/63 [poisoned by a kobold brigand (curare-tipped
                  | dart)]
  5726 | D:5      | Reached skill level 10 in Long Blades
  6085 | D:6      | Reached skill level 1 in Evocations
  6210 | D:6      | Reached **** piety under Trog
  7253 | D:7      | Reached skill level 11 in Long Blades
  7267 | D:7      | Identified the +5 plate armour of the Maze {Rampage Str+2}
  7330 | D:7      | Gained mutation: Your touch may inflict irresistible damage
                  | on your foes. [demonic ancestry]
  7330 | D:7      | Reached XP level 10. HP: 67/70 MP: 10/10
  7716 | D:7      | Found a burning altar of Makhleb.
  8474 | D:8      | Found a flagged portal.
  8500 | Bailey   | Entered a bailey
  8524 | Bailey   | Noticed an orc warlord
  8542 | Bailey   | Reached ***** piety under Trog
  8600 | Bailey   | Found a runed translucent gate.
  8602 | Bailey   | Found a runed translucent gate.
  8604 | Bailey   | Found a runed translucent gate.
  8675 | Bailey   | Killed an orc warlord
  8675 | Bailey   | Received a gift from Trog
  8676 | Bailey   | Reached skill level 12 in Long Blades
  8676 | Bailey   | Reached skill level 5 in Evocations
  8707 | Bailey   | Identified the ring of Bastrurin {rPois rC+ rN+}
  8886 | D:8      | Reached skill level 5 in Dodging
  8886 | D:8      | Reached XP level 11. HP: 81/81 MP: 11/11
  9760 | D:9      | Noticed a two-headed ogre
  9768 | D:9      | Killed a two-headed ogre
 10160 | D:9      | Reached skill level 13 in Long Blades
 10354 | D:10     | Entered Level 10 of the Dungeon
 10584 | D:10     | Found Runyne's Assorted Antiques.
 10589 | D:10     | Bought a potion of invisibility for 192 gold pieces
 10589 | D:10     | Bought a scroll of poison for 96 gold pieces
 10589 | D:10     | Bought a potion of curing for 72 gold pieces
 10589 | D:10     | Bought a wand of flame (9) for 151 gold pieces
 11260 | D:11     | Noticed a two-headed ogre
 11267 | D:11     | Killed a two-headed ogre
 11268 | D:11     | Gained mutation: Your touch may irresistibly damage your
                  | foes and sap their willpower. [demonic ancestry]
 11268 | D:11     | Reached XP level 12. HP: 67/88 MP: 12/12
 11656 | D:11     | Found a staircase to the Lair.
 12327 | D:11     | Gained mutation: Your muscles are strong. (Str +4, Int/Dex
                  | -1) [potion of mutation]
 12327 | D:11     | Lost mutation: Your muscles are strong. (Str +4, Int/Dex
                  | -1) [potion of mutation]
 12327 | D:11     | Gained mutation: You have a pair of small horns on your
                  | head. [potion of mutation]
 12328 | D:11     | Lost mutation: You have a pair of small horns on your head.
                  | [potion of mutation]
 12328 | D:11     | Gained mutation: You are clumsy. (Dex -2) [potion of
                  | mutation]
 12328 | D:11     | Gained mutation: Your flesh is cold resistant. (rC+)
                  | [potion of mutation]
 12328 | D:11     | Gained mutation: You have hidden genetic defects. [potion
                  | of mutation]
 12329 | D:11     | Lost mutation: You have hidden genetic defects. [potion of
                  | mutation]
 12329 | D:11     | Lost mutation: Your flesh is cold resistant. (rC+) [potion
                  | of mutation]
 12329 | D:11     | Lost mutation: You are clumsy. (Dex -2) [potion of
                  | mutation]
 12329 | D:11     | Gained mutation: You passively map a small area around you.
                  | [potion of mutation]
 12739 | D:12     | Reached skill level 14 in Long Blades
 12744 | D:12     | Received a gift from Trog
 12904 | D:12     | Noticed a six-headed hydra
 12912 | D:12     | Killed a three-headed hydra
 13237 | D:12     | Noticed a four-headed hydra
 13242 | D:12     | Killed a one-headed hydra
 13323 | D:12     | Found a staircase to the Orcish Mines.
 13335 | D:12     | Noticed a five-headed hydra
 13341 | D:12     | Killed a two-headed hydra
 13434 | D:12     | Noticed a six-headed hydra
 13441 | D:12     | Killed a two-headed hydra
 13636 | D:12     | Reached skill level 15 in Long Blades
 13790 | D:12     | Identified the +6 trident of the Extremes {elec, rPois rF+
                  | Int+3}
 13893 | D:12     | Noticed a boulder beetle
 13905 | D:12     | Killed a boulder beetle
 14160 | Lair:1   | Entered Level 1 of the Lair of Beasts
 14241 | Lair:1   | Found a runed translucent door.
 14260 | Lair:1   | Noticed kingofthe's ghost (journeyman DECj)
 14276 | Lair:1   | Killed kingofthe's ghost
 14714 | Lair:1   | Reached skill level 16 in Long Blades
 15342 | Lair:2   | Reached XP level 13. HP: 40/93 MP: 13/13
 15723 | Lair:2   | Noticed Harold
 15732 | Lair:2   | Killed Harold
 16467 | Lair:2   | Reached skill level 17 in Long Blades
 17207 | Lair:3   | Received a gift from Trog
 17649 | Lair:3   | Found a staircase to the Snake Pit.
 17755 | Lair:3   | Found a transporter.
 17755 | Lair:3   | Noticed Woim's ghost (journeyman SpHu)
 17761 | Lair:3   | Found a transporter.
 18216 | Lair:3   | Reached skill level 18 in Long Blades
 18373 | Lair:3   | Found a staircase to the Shoals.
 19324 | Lair:4   | Gained mutation: Your demonic aura sometimes causes spilled
                  | blood to erupt in flames. [demonic ancestry]
 19324 | Lair:4   | Reached XP level 14. HP: 55/100 MP: 14/14
 19577 | Lair:4   | Reached ****** piety under Trog
 20010 | Lair:5   | Entered Level 5 of the Lair of Beasts
 20281 | Lair:5   | Reached skill level 19 in Long Blades
 20400 | Lair:5   | Received a gift from Trog
 20463 | Lair:5   | Found a runed translucent door.
 20463 | Lair:5   | Found a viscous altar of Jiyva.
 20463 | Lair:5   | Found a staircase to the Slime Pits.
 21341 | Lair:5   | Reached skill level 20 in Long Blades
 21641 | Lair:5   | Found a corrupted altar of Lugonu.
 21641 | Lair:5   | Found a one-way gate to the infinite horrors of the Abyss.
 21641 | Lair:5   | Found the +10 dark maul {vorpal}
 22538 | Orc:1    | Entered Level 1 of the Orcish Mines
 22550 | Orc:1    | Received a gift from Trog
 23564 | Orc:2    | Entered Level 2 of the Orcish Mines
 23564 | Orc:2    | Found a staircase to the Elven Halls.
 24366 | Orc:2    | Received a gift from Trog
 24671 | Orc:2    | Found Meiclid's Jewellery Shoppe.
 24671 | Orc:2    | Found Ybattuann's Antique Armour Shop.
 24723 | Orc:2    | Found Bad Giakhlo's Book Shop.
 24723 | Orc:2    | Found Tiutev's General Store.
 24742 | Orc:2    | Bought an ichor-stained chain mail for 275 gold pieces
 24742 | Orc:2    | Identified the +6 chain mail of Rotten the Good {Str+10}
                  | (You bought it in a shop on level 2 of the Orcish Mines)
 25105 | D:13     | Gained mutation: You are completely covered in slimy green
                  | scales. (AC +4, rPois) [demonic ancestry]
 25105 | D:13     | Reached XP level 15. HP: 108/108 MP: 15/15
 26025 | D:14     | Reached skill level 21 in Long Blades
 26044 | D:14     | Received a gift from Trog
 26488 | D:14     | Found a gate to the Vaults.
 27713 | D:15     | Entered Level 15 of the Dungeon
 28560 | D:15     | Found a staircase to the Depths.
 28667 | D:15     | Identified the +7 great sword of the Wilderness {flame,
                  | rElec rF+} (Trog gifted it to you on level 15 of the
                  | Dungeon)
 28667 | D:15     | Received a gift from Trog
 29264 | Snake:1  | Entered Level 1 of the Snake Pit
 30147 | Snake:1  | Found a runed translucent door.
 30148 | Snake:1  | Found a shimmering altar of Xom.
 30148 | Snake:1  | Noticed fleeber's ghost (adept DjFE)
 30148 | Snake:1  | Found the +2 cloak of the Thief {*Fog Slay-2 SInv Stlth+}
 30165 | Snake:1  | Reached skill level 22 in Long Blades
 30177 | Snake:1  | Killed fleeber's ghost
 30921 | Snake:2  | Gained mutation: Your demonic aura often causes spilled
                  | blood to erupt in flames. [demonic ancestry]
 30921 | Snake:2  | Reached XP level 16. HP: 69/122 MP: 1/16
 31063 | Snake:2  | Reached skill level 10 in Fighting
 31078 | Snake:2  | Received a gift from Trog
 31103 | Snake:2  | Found a frozen archway.
 31128 | IceCv    | Entered an ice cave
 31776 | IceCv    | HP: 2/124 [ironbound frostheart (11)]
 31776 | IceCv    | Mangled by a white draconian

Illustrated notes

Levels and vault maps discovered:
D:1:      psy_arrival_whirlpool, layout_basic
D:2:      layout_rooms, basic_altar, basic_ecumenical_altar, uniq_sigmund
D:3:      layout_loops_ring, minivault_4
D:4:      layout_rooms, minmay_temple_entry_poolview, portal_sewer_entry_c,
          st_stairs_8, minmay_misc_feat_tiny, uniq_natasha
D:5:      layout_cave_pods, jmf_multi_god_temple2, serial_glass,
          glass_columns_a, glass_columns_a, item_on_display_a,
          item_on_display_a, due_unseen_surprise
D:6:      wad_woods_tower, layout_rooms, uniq_pikel
D:7:      layout_basic, makhleb_grotto_becter, nicolae_fountain_basement
D:8:      layout_loops_ring, enter_bailey_2
D:9:      layout_rooms
D:10:     layout_loops_ring, serial_shops, shop
D:11:     layout_stronghold, grunt_lair_entry_orc_guard_hut
D:12:     layout_gridville, orc_0_dummy
D:13:     layout_basic
D:14:     layout_basic, erik_vaults_1, nicolae_water_bricks
D:15:     grunt_enter_depths_hoard, layout_basic, grunt_decor_junction
Lair:1:   layout_regular_city, ebering_ghost_reflecting_pool, grunt_megastairs_4
Lair:2:   regret_index_tunnel_blossom, layout_regular_city, minmay_holes,
          st_stairs_7, chequers_serial_rivers_room_b, uniq_harold
Lair:3:   layout_small_grid, minmay_shoals_entry_lonely_mermaid,
          minmay_snake_entry_spellcaster, gammafunk_ghost_arena,
          grunt_megastairs_3, infiniplex_staircase_pool, lemuel_fruit_tree
Lair:4:   layout_loops_ring, wad_woods_road_02, grunt_megastairs_5
Lair:5:   hellmonk_lair_end_abyssal_woods, layout_cave_pods, slime_entry_2,
          patterned_corridor, serial_bayou_shore_b
Snake:1:  layout_concentric_octagons, ebering_ghost_xom,
          nrook_guardian_serpent_double
Snake:2:  layout_gridlike, portal_ice_cave_entry_pillars_1, grunt_ministairs_10,
          minmay_shop_grove
Orc:1:    layout_caves, nicolae_orc_lava_tube
Orc:2:    grunt_orc_tribal_feast, layout_caves
IceCv:    ice_cave_small_giant

Skill      XL: |  1  2  3  4  5  6  7  8  9 10 11 12 13 14 15 16 |
---------------+-------------------------------------------------+-----
Long Blades    | 3 4 5 6 7 9 11 12 13 16 18 20 22 | 22.2
Armour         | 2 3 4 5 6 8 9 |  9.4
Evocations     | 3 5 6 7 |  7.0
Fighting       | 6 7 9 10 | 10.8
Dodging        | 5 |  5.1

Action                   |  1- 3 |  4- 6 |  7- 9 | 10-12 | 13-15 | 16-18 || total
-------------------------+-------+-------+-------+-------+-------+-------++-------
Melee: Falchion          |    53 |   171 |    53 |       |       |       ||   277
       Touch             |       |    25 |    45 |     8 |       |       ||    78
       Punch             |       |     1 |     2 |     1 |       |       ||     4
       Long sword        |       |       |   223 |       |       |       ||   223
       Scimitar          |       |       |    45 |   114 |       |       ||   159
       Great sword       |       |       |       |   376 |  1317 |    79 ||  1772
       Triple sword      |       |       |       |    11 |    77 |     4 ||    92
Throw: Dart              |       |       |     4 |     4 |     8 |     2 ||    18
Invok: Berserk           |     2 |     5 |     8 |     7 |    12 |     2 ||    36
       Trog's Hand       |       |       |     2 |       |    11 |     2 ||    15
       Brothers in Arms  |       |       |       |       |       |     2 ||     2
Evoke: Wand              |       |     1 |       |     5 |    31 |       ||    37
       Condenser vane    |       |       |       |       |     1 |       ||     1
  Use: Scroll            |       |    11 |     1 |    19 |     2 |     1 ||    34
       Potion            |       |       |     1 |     8 |     5 |     4 ||    18
 Stab: Sleeping          |     1 |       |       |       |       |       ||     1
       Paralysed         |       |     4 |       |     9 |    11 |       ||    24
       Invisible         |       |       |       |     4 |     1 |       ||     5
       Petrified         |       |       |       |       |     3 |       ||     3
       Distracted        |       |       |       |       |       |     1 ||     1
Armor: Ring mail         |    28 |    17 |       |       |       |       ||    45
       Animal skin       |     1 |       |       |       |       |       ||     1
       Scale mail        |       |    48 |   199 |       |       |       ||   247
       Plate armour      |       |       |     2 |   422 |   764 |       ||  1188
       Chain mail        |       |       |       |       |   279 |    79 ||   358
Dodge: Dodged            |    39 |    84 |   206 |   229 |   632 |    51 ||  1241
